 Dungeon Crawl Stone Soup version 0.22-a0-782-g038298e (webtiles) character file.

32 Amnesiac the Magician (level 3, -15/24 HPs)
             Began as a Mummy Earth Elementalist on July 19, 2018.
             Demolished by an ogre
             ... wielding a +0 giant spiked club
              (22 damage)
             ... on level 4 of the Dungeon.
             The game lasted 00:03:22 (1086 turns).

Amnesiac the Magician (Mummy Earth Elementalist)    Turns: 1086, Time: 00:03:23

Health: -15/24     AC:  2    Str: 11    XL:     3   Next: 10%
Magic:  3/7        EV: 12    Int: 15    God:
Gold:   18         SH:  0    Dex: 12    Spells: 5/8 levels left

rFire    x . .     SeeInvis .   (no weapon)
rCold    + . .     Gourm    .   (no shield)
rNeg     + + +     Faith    .   c - +0 robe
rPois    ∞         Spirit   .   (no helmet)
rElec    .         Reflect  .   (no cloak)
rCorr    .         Harm     .   (no gloves)
MR       .....                  (no boots)
Stlth    ++........             (no amulet)
HPRegen  0.08/turn              (no ring)
MPRegen  0.10/turn              (no ring)

@: very slightly contaminated
A: no food or potions, fire vulnerability, cold resistance 1, negative energy
resistance 3, torment resistance, unbreathing
a: no special abilities


You were on level 4 of the Dungeon.
You were not hungry.

You visited 1 branch of the dungeon, and saw 4 of its levels.

You collected 49 gold pieces.
You spent 31 gold pieces at shops.

Inventory:

Missiles
 b - 9 stones (quivered)
Armour
 a - a +0 leather armour of poison resistance
 c - a +0 robe (worn)
Scrolls
 d - a scroll of remove curse {!r, unknown}


   Skills:
 - Level 1.5 Dodging
 - Level 1.5 Stealth
 + Level 3.3 Spellcasting
 - Level 0.7 Transmutations
 * Level 3.2 Earth Magic


You had 5 spell levels left.
You knew the following spells:

 Your Spells              Type           Power        Failure   Level  Hunger
a - Sandblast             Erth           ##....       4%          1    N/A
b - Passwall              Tmut/Erth      #.......     13%         2    N/A

Your spell library contained the following spells:

 Spells                   Type           Power        Failure   Level  Hunger
 Stone Arrow              Conj/Erth      #.....       30%         3    N/A
 Lee's Rapid Deconstruct  Erth           ##........   80%         5    N/A
 Petrify                  Tmut/Erth      #.......     65%         4    N/A

Dungeon Overview and Level Annotations

Branches:
Dungeon (4/15)
 Temple: D:4-7

Altars:

Shops:
D:4 *


Innate Abilities, Weirdness & Mutations

You do not eat or drink.
Your flesh is vulnerable to fire.
You are immune to poison.
Your flesh is cold resistant. (rC+)
You are immune to negative energy. (rN+++)
You are immune to unholy pain and torment.
You can survive without breathing.


Message History

Casting: Sandblast (safe; 5% risk of failure)
Confirm with . or Enter, or press ? or * to list all spells.
Aiming: Sandblast (safe; 5% risk of failure)
Press: ? - help, Shift-Dir - straight line, f/p - worm
Aim: a worm (heavily wounded)
The blast of sand hits the worm.
You kill the worm!
b - 11 stones
Casting: Sandblast (safe; 4% risk of failure)
Confirm with . or Enter, or press ? or * to list all spells.
You can't see any susceptible monsters within range! (Use Z to cast anyway.)
Casting: Sandblast (safe; 4% risk of failure)
Confirm with . or Enter, or press ? or * to list all spells.
You can't see any susceptible monsters within range! (Use Z to cast anyway.)
Casting: Sandblast (safe; 4% risk of failure)
Confirm with . or Enter, or press ? or * to list all spells.
You can't see any susceptible monsters within range! (Use Z to cast anyway.) 2 orcs come into view.
The orc shouts! x2
An orc comes into view.
You see here 14 gold pieces.
There are monsters nearby!
You now have 18 gold pieces (gained 14).
The orc shouts!
An orc comes into view. It is wielding a whip.
An ogre comes into view. It is wielding a giant spiked club.
The ogre shouts!
Search for what [? for help]? weap
Casting: Sandblast (safe; 4% risk of failure)
Confirm with . or Enter, or press ? or * to list all spells.
Aiming: Sandblast (safe; 4% risk of failure)
Press: ? - help, Shift-Dir - straight line, f - ogre
Aim: an ogre, wielding a giant spiked club The blast of sand hits the ogre.
The ogre is heavily wounded.
b - 10 stones
Casting: Sandblast (safe; 4% risk of failure)
Confirm with . or Enter, or press ? or * to list all spells.
Aiming: Sandblast (safe; 4% risk of failure)
Press: ? - help, Shift-Dir - straight line, f/p - ogre
Aim: an ogre, wielding a giant spiked club (moderately wounded)
You miscast Sandblast.
You are very lightly contaminated with residual magic.
Nothing appears to happen.
Casting: Sandblast (safe; 4% risk of failure)
Confirm with . or Enter, or press ? or * to list all spells.
Aiming: Sandblast (safe; 4% risk of failure)
Press: ? - help, Shift-Dir - straight line, f/p - ogre
Aim: an ogre, wielding a giant spiked club (moderately wounded)
You miscast Sandblast.
Nothing appears to happen.
The ogre hits you with a giant spiked club!
Ouch! That really hurt!
* * * LOW HITPOINT WARNING * * *
Casting: Sandblast (safe; 4% risk of failure)
Confirm with . or Enter, or press ? or * to list all spells.
Aiming: Sandblast (safe; 4% risk of failure)
Press: ? - help, Shift-Dir - straight line, f/p - ogre
Aim: an ogre, wielding a giant spiked club (moderately wounded)
The blast of sand hits the ogre.
The ogre is almost dead.
b - 9 stones The ogre hits you with a giant spiked club!!
Ouch! That really hurt!
You die...

#.....<..##
#....#..##
#...###.## ....#
##.## ...# ##.##
.. #!.# . ##.##
#####.#########
#......@......##
######
#......O.......#
#.....
#.............##
#.....
#.............#
##..PP.
##............#
#..P∩..
#..>.........#
#..P.P.
#............#
#......
##...........#
##......
###......##
#..<....


You could see an ogre.

Vanquished Creatures
  An adder (D:4)
  2 worms
  2 dart slugs
  A leopard gecko (D:2)
  3 giant cockroaches
  2 hobgoblins
  A bat (D:3)
  A goblin (D:2)
  A kobold (D:1)
14 creatures vanquished.

Notes
Turn   | Place    | Note
-------+----------+-------------------------------------------
     0 | D:1      | Amnesiac the Mummy Earth Elementalist began the quest for the Orb.
     0 | D:1      | Reached XP level 1. HP: 13/13 MP: 4/4
   170 | D:2      | Reached XP level 2. HP: 5/19 MP: 0/5
   348 | D:2      | Learned a level 2 spell: Passwall
   762 | D:4      | Found Witaloel's Assorted Antiques.
   770 | D:4      | Reached XP level 3. HP: 18/24 MP: 2/7
   812 | D:4      | Bought a scroll labeled VUETIB IDGHUGUI for 31 gold pieces
   852 | D:4      | Noticed a phantom
  1080 | D:4      | Noticed an ogre
  1086 | D:4      | Demolished by an ogre

Vault maps used:
D:1:      ebering_trefoil_3fold
D:2:      first_ration, nicolae_ru_sacrificial_ziggurat
D:4:      serial_shops, nicolae_shop_overgrown_old_shop

Skill      XL: |  1  2 |
---------------+-------+-----
Spellcasting   | 3 |  3.3
Earth Magic    | 3 |  3.2
Dodging        | |  1.5
Stealth        | |  1.5
Transmutations | |  0.7

Action                   || total
-------------------------++-------
Melee: Unarmed           ||     2
 Cast: Sandblast         ||    38
Armor: Robe              ||     1
Dodge: Dodged            ||     9

Table legend:
 A = Spawn XP
 B = Non-spawn XP
 C = Spawn XP percentage of total XP
 D = Spawn monster count
 E = Non-spawn monster count
 F = Spawn count percentage of total count
 G = Total turns spent on level
                    A         B        C        D         E        F      G
               +---------+---------+-------+---------+---------+-------+---------
         Total |       0 |      47 |   0.0 |       0 |      14 |   0.0 |  1086
               +---------+---------+-------+---------+---------+-------+---------
           D:1 |       0 |       9 |   0.0 |       0 |       4 |   0.0 |   167
           D:2 |       0 |      13 |   0.0 |       0 |       5 |   0.0 |   369
           D:3 |       0 |       7 |   0.0 |       0 |       3 |   0.0 |   246
           D:4 |       0 |      18 |   0.0 |       0 |       2 |   0.0 |   304
               +---------+---------+-------+---------+---------+-------+---------
